AoeStats
← gazza17

Black Forest

505972065Analyzed
4v4 RM · 2mo ago on Sep 11, 2026· 41m 18s· 8 players
Game mode
Random Map
Map size
Large (8 player)
Population
200
Speed
Normal
Resources
Standard
Victory
Conquest
Starting age
Dark Age
Ending age
Imperial Age
RankedLock teamsTeams togetherTeam positionsShared explorationLock speedFull tech treeHidden civsTurbo modeCheats
Victory
Defeat
🇰🇼 Goths · Kuwait
1069
+10
🇨🇳 Jurchens · China
954
+14
🇹🇷 Persians · Türkiye
931
+15
🇹🇷 Wei · Türkiye
925
+16
vs
🇲🇽 Lithuanians · Mexico
1018
-17
🇦🇷 Persians · Argentina
981
-16
🇬🇧 Britons · United Kingdom
949
-15
🇬🇧 Franks · United Kingdom
728
-7
king vitt
0:29 Loom
16:34 Feudal Age
20:48 Castle Age
19:38 Double-Bit Axe
19:37 Horse Collar
20:21 Gold Mining
27:59 Imperial Age
27:45 Bow Saw
29:41 Chemistry
29:02 Ballistics
30:40 Wheelbarrow
32:15 Heavy Rocket Cart
33:07 Siege Engineers
33:27 Hand Cart
36:25 Two-Man Saw
35:30 Heavy Plow
Exec.
1:52 Loom
12:52 Feudal Age
13:17 Horse Collar
13:31 Double-Bit Axe
13:34 Fishing Lines
18:11 Castle Age
18:55 Heavy Plow
19:08 Bow Saw
20:22 Wheelbarrow
20:41 Gillnets
22:10 Gold Mining
22:16 Stone Mining
24:55 Caravan
26:24 Gold Shaft Mining
26:55 Stone Shaft Mining
27:16 Hand Cart
32:20 Imperial Age
32:23 Scale Barding Armor
32:08 Fletching
32:29 Forging
32:19 Scale Mail Armor
33:12 Tuntian
33:38 Ming Guang Armor
33:33 Conscription
32:34 Elite Tiger Cavalry
33:49 Hoardings
33:23 Town Watch
34:04 Chain Barding Armor
33:39 Bodkin Arrow
34:29 Crop Rotation
35:23 Iron Casting
36:01 Hoardings
35:57 Chain Mail Armor
36:52 Chemistry
36:05 Heavy Scorpion
39:30 Blast Furnace
38:30 Bracer
40:02 Ballistics
Neshandra
0:32 Loom
1:49 Loom
14:57 Feudal Age
16:07 Wheelbarrow
15:19 Horse Collar
15:27 Double-Bit Axe
15:38 Stone Mining
15:38 Gold Mining
21:01 Castle Age
21:54 Hand Cart
23:21 Heavy Plow
24:22 Bow Saw
25:47 Stone Shaft Mining
26:06 Gold Shaft Mining
31:21 Scale Barding Armor
31:27 Forging
32:11 Kamandaran
32:25 Elite Skirmisher
32:39 Crossbowman
36:52 Imperial Age
35:04 Caravan
35:26 Thumb Ring
36:17 Fletching
36:28 Padded Archer Armor
37:38 Conscription
37:02 Elite War Elephant
38:28 Chain Barding Armor
38:44 Iron Casting
38:05 Bodkin Arrow
38:25 Leather Archer Armor
40:38 Chemistry
39:59 Ballistics
41:08 Scale Mail Armor
41:46 Plate Barding Armor
42:12 Blast Furnace
alktam
0:49 Loom
13:16 Feudal Age
14:05 Double-Bit Axe
14:00 Horse Collar
17:09 Castle Age
18:31 Bow Saw
18:21 Heavy Plow
25:31 Wheelbarrow
25:16 Gold Mining
25:16 Stone Mining
27:47 Hand Cart
28:02 Town Watch
29:53 Scale Mail Armor
30:04 Forging
30:27 Anarchy
30:34 Squires
29:55 Pikeman
33:12 Imperial Age
30:59 Chain Mail Armor
32:02 Iron Casting
32:05 Stone Shaft Mining
31:20 Pikeman
31:21 Man-at-Arms
33:51 Masonry
34:03 Ballistics
33:34 Fletching
34:54 Blast Furnace
33:16 Elite Huskarl
33:57 Perfusion
34:17 Conscription
33:19 Long Swordsman
33:19 Halberdier
35:25 Town Patrol
35:20 Two-Handed Swordsman
chuchoafro
5:28 Loom
12:27 Feudal Age
14:40 Feudal Age
16:34 Horse Collar
19:38 Castle Age
18:08 Double-Bit Axe
19:11 Stone Mining
19:31 Gold Mining
20:50 Padded Archer Armor
20:45 Fletching
21:02 Scale Barding Armor
24:14 Bow Saw
25:15 Bloodlines
26:27 Forging
28:08 Wheelbarrow
29:49 Chain Barding Armor
30:04 Iron Casting
31:11 Hand Cart
31:04 Heavy Plow
31:50 Bodkin Arrow
32:40 Husbandry
37:59 Imperial Age
35:18 Town Watch
37:23 Treadmill Crane
38:00 Masonry
37:45 Murder Holes
38:11 Ballistics
39:16 Conscription
38:19 Elite Leitis
38:31 Capped Ram
40:30 Chemistry
gazza17
7:05 Loom
11:58 Feudal Age
13:51 Double-Bit Axe
14:36 Horse Collar
19:29 Castle Age
18:24 Gold Mining
18:24 Stone Mining
18:30 Stone Mining
20:06 Fletching
21:38 Bow Saw
26:06 Bodkin Arrow
27:27 Crossbowman
29:14 Wheelbarrow
31:05 Gold Shaft Mining
30:49 Heavy Plow
35:54 Imperial Age
33:42 Hand Cart
34:10 Yeomen
34:44 Padded Archer Armor
36:46 Leather Archer Armor
36:02 Arbalester
DANIR
12:01 Feudal Age
10:35 Loom
16:00 Castle Age
15:22 Double-Bit Axe
17:27 Wheelbarrow
16:54 Horse Collar
17:41 Bow Saw
22:45 Heavy Plow
24:52 Gold Mining
25:28 Hand Cart
29:23 Gold Shaft Mining
29:40 Town Watch
30:15 Stone Mining
33:45 Imperial Age
31:17 Town Patrol
31:24 Scale Barding Armor
31:30 Forging
33:13 Caravan
33:43 Coinage
33:35 Chain Barding Armor
33:50 Iron Casting
33:19 Devotion
34:16 Guilds
34:55 Plate Barding Armor
35:25 Chemistry
34:22 Murder Holes
34:48 Ballistics
35:02 Crop Rotation
35:34 Two-Man Saw
36:05 Stone Shaft Mining
36:33 Blast Furnace
35:53 Masonry
36:04 Fletching
36:56 Banking
36:07 Elite War Elephant
36:58 Citadels
37:09 Conscription
36:56 Kamandaran
PersianT
14:03 Feudal Age
12:20 Loom
15:18 Double-Bit Axe
15:51 Town Watch
18:34 Scale Barding Armor
18:43 Forging
19:21 Wheelbarrow
25:26 Castle Age
26:36 Husbandry
28:51 Hand Cart
29:53 Town Patrol
Connection lost

Rejoining the realm…

Still unreachable

The connection could not be restored.

Session expired

The server has moved on; the page needs a fresh start.